 Dungeon Crawl Stone Soup version 0.23.2-1-ga50397a (webtiles) character file.

Game seed: 4080600526290967103

42704 Folque the Geomancer (level 13, -1/105 HPs)
             Began as a Grey Draconian Earth Elementalist on May 12, 2019.
             Was a High Priest of Sif Muna.
             Slain by an elephant (19 damage)
             ... on level 6 of the Lair of Beasts on May 29, 2019.
             The game lasted 01:49:08 (17796 turns).

Folque the Geomancer (DrEE)                        Turns: 17796, Time: 01:49:08

Health: -1/105     AC: 14    Str: 11    XL:     13   Next: 86%
Magic:  18/37      EV: 15    Int: 21    God:    Sif Muna [*****.]
Gold:   1034       SH:  0    Dex: 11    Spells: 4/35 levels left

rFire    . . .     SeeInvis +   x - staff of earth
rCold    . . .     Gourm    .   (no shield)
rNeg     . . .     Faith    .   (armour unavailable)
rPois    .         Spirit   .   (helmet restricted)
rElec    .         Reflect  .   (no cloak)
rCorr    .         Harm     .   B - +0 pair of gloves
MR       .....                  (no boots)
Stlth    +++.......             N - amulet of the acrobat
HPRegen  0.27/turn              H - ring of see invisible
MPRegen  0.25/turn              K - ring of magical power

@: divine energy
A: walk through water, unfitting armour, unbreathing, cold-blooded, AC +13
a: Stop Divine Energy, Channel Magic, Forget Spell, Renounce Religion


You were on level 6 of the Lair of Beasts.
You worshipped Sif Muna.
Sif Muna was extremely pleased with you.
You were near starving.

You visited 3 branches of the dungeon, and saw 18 of its levels.

You collected 1034 gold pieces.

Inventory:

Hand Weapons
 f - a +0 spear
 p - a +0 short sword
 q - a +4 spear
Missiles
 b - 192 stones (quivered)
 j - 21 tomahawks
Armour
 y - a +0 pair of gloves
 B - a +0 pair of gloves (worn)
 W - a +0 cloak
Magical Staves
 x - an uncursed staff of earth (weapon)
Jewellery
 e - an uncursed ring of protection from fire
 H - a ring of see invisible (left hand)
 K - a ring of magical power (right hand)
 L - a +3 ring of evasion {unknown}
 M - a +2 ring of slaying {unknown}
 N - an amulet of the acrobat (around neck)
 Q - a +2 ring of evasion {unknown}
 R - a cursed -4 ring of evasion {unknown}
 U - a cursed amulet of inaccuracy {unknown}
Wands
 r - a wand of disintegration (6)
 I - a wand of polymorph (8)
 S - a wand of random effects (10)
Scrolls
 a - a scroll of noise {unknown}
 d - 2 scrolls of fear
 g - 2 scrolls of immolation {unknown}
 i - a scroll of vulnerability {unknown}
 l - 3 scrolls of enchant weapon {unknown}
 m - 3 scrolls of enchant armour {unknown}
 s - 3 scrolls of blinking {unknown}
 t - 8 scrolls of remove curse {unknown}
 z - 2 scrolls of teleportation
 C - 4 scrolls of magic mapping {unknown}
 E - 3 scrolls of amnesia {unknown}
 G - 7 scrolls of identify
 J - a scroll of torment {unknown}
 P - a scroll of fog {unknown}
 T - 2 scrolls of summoning {unknown}
 V - a scroll of brand weapon {unknown}
Potions
 h - 3 potions of curing
 k - 4 potions of flight
 n - a potion of ambrosia
 o - 2 potions of might
 u - 3 potions of lignification {unknown}
 v - 3 potions of mutation
 A - a potion of haste {unknown}
 D - a potion of heal wounds {unknown}
 F - 3 potions of magic {unknown}
 O - a potion of agility
Comestibles
 c - 15 rations


   Skills:
 - Level 7.1 Fighting
 - Level 3.1 Staves
 - Level 6.1 Dodging
 - Level 5.3 Stealth
 + Level 11.9 Spellcasting
 * Level 5.6 Conjurations
 - Level 8.6 Necromancy
 - Level 4.4 Transmutations
 - Level 2.0 Fire Magic
 - Level 12.3 Earth Magic
 - Level 6.2 Invocations
 + Level 6.9 Evocations


You had 4 spell levels left.
You knew the following spells:

 Your Spells              Type           Power        Failure   Level  Hunger
a - Sandblast             Erth           ######       1%          1    None
b - Passwall              Tmut/Erth      ######..     1%          2    None
c - Stone Arrow           Conj/Erth      ######       1%          3    None
d - Lee's Rapid Deconstr  Erth           #######...   1%          5    ####...
e - Conjure Flame         Conj/Fire      ####....     3%          3    None
f - Petrify               Tmut/Erth      ######..     1%          4    None
g - Animate Dead          Necr           N/A          1%          4    None
h - Regeneration          Chrm/Necr      ####......   2%          3    None
i - Iron Shot             Conj/Erth      ######....   21%         6    #####..

Your spell library contained the following spells:

 Spells                   Type           Power        Failure   Level  Hunger
 Animate Skeleton         Necr           N/A          1%          1    None
 Magic Dart               Conj           ####         1%          1    None
 Pain                     Necr           ####         1%          1    None
 Searing Ray              Conj           #####.       1%          2    None
 Vampiric Draining        Necr           #####.....   1%          3    None
 Static Discharge         Conj/Air       ###.....     4%          3    None
 Confusing Touch          Hex            ##....       5%          1    None
 Iskenderun's Mystic Bla  Conj           #####...     5%          4    None
 Mephitic Cloud           Conj/Pois/Air  ###.....     8%          3    None
 Blink                    Tloc           N/A          9%          2    None
 Call Imp                 Summ           ##......     9%          2    None
 Shroud of Golubria       Chrm/Tloc      ##........   9%          2    None
 Slow                     Hex            ##......     9%          2    None
 Song of Slaying          Chrm           ##......     9%          2    None
 Confuse                  Hex            ##......     16%         3    None
 Gell's Gravitas          Tloc           ##........   16%         3    None
 Ozocubu's Armour         Chrm/Ice       ##......     16%         3    None
 Teleport Other           Tloc           ##......     16%         3    None
 Cause Fear               Hex            ##........   47%         4    None
 Agony                    Necr           #####...     4%          5    ####...
 Dispel Undead            Necr           #####...     4%          5    ####...
 Bolt of Draining         Conj/Necr      #####.....   8%          5    ####...
 Yara's Violent Unravell  Hex/Tmut       ###.......   52%         5    ####...
 Metabolic Englaciation   Hex/Ice        ##........   83%         5    ####...
 Silence                  Hex/Air        ##........   83%         5    ####...
 Orb of Destruction       Conj           #####.....   99%         7    #######
 Deflect Missiles         Chrm/Air       ##........   100%        6    #####..
 Discord                  Hex            ##........   100%        8    #######
 Necromutation            Tmut/Necr      #####.....   100%        8    #######


Dungeon Overview and Level Annotations

Branches:
Dungeon (11/15)            Temple (1/1) D:6            Lair (6/6) D:8
  Swamp (0/4) Lair:2        Snake (0/4) Lair:4        Slime (0/5) Lair:6
    Orc: D:9-12

Altars:
Ashenzari
Cheibriados
Dithmenos
Elyvilon
Fedhas
Gozag
Hepliaklqana
Kikubaaqudgha
Makhleb
Nemelex Xobeh
Okawaru
Qazlal
Ru
Sif Muna
Trog
Uskayaw
Vehumet
Wu Jian
Xom
Yredelemnul
Zin
The Shining One
Jiyva

Shops:
D:9 (

Annotations:
D:5 2 runed translucent doors, Aske's ghost, novice MiGl
D:8 3 runed translucent doors, doot's ghost, novice TeAE


Innate Abilities, Weirdness & Mutations

You can walk through water.
Your dull iron-grey scales are very hard. (AC +13)
You cannot fit into any form of body armour.
You can survive without breathing.
You are cold-blooded and may be slowed by cold attacks.


Message History

The elephant barely misses you. The elephant tramples you.
* * * LOW HITPOINT WARNING * * *
You hold your ground!
The elephant trunk-slaps you but does no damage.
You begin to meditate on the wall.
You continue meditating on the rock.
The elephant tramples you but does no damage.
The elephant trunk-slaps you but does no damage.
The elephant tramples you!
* * * LOW HITPOINT WARNING * * *
You hold your ground!
The elephant closely misses you.
You continue meditating on the rock.
You feel less invigorated.
The elephant tramples you but does no damage.
The elephant closely misses you. The elephant completely misses you.
The elephant closely misses you.
You continue meditating on the rock.
The elephant tramples you but does no damage.
The elephant trunk-slaps you but does no damage.
The elephant tramples you!!
You die...

...## ###..
...####..#
..#.#...#####
............####
............##.##
..............#.#
.............<.Y#
.............<.Y##
..........h...YY@#
..............####
..............#
..............#
............###
............#
P.#.........#
####.......#.#
##..P...###


You could see 4 elephants and a wolf (petrified).

Vanquished Creatures
  10 hydras
  A catoblepas (Lair:6)
  A two-headed ogre (D:9)
  12 death yaks
  A deep elf mage (D:10)
  2 black mambas
  2 centaur zombies (D:10)
  7 elephants
  Psyche (D:8)
  A torpor snail (Lair:4)
  9 spiny frogs
  A rime drake (Lair:4)
  4 komodo dragons
  3 hornets (Lair:6)
  Prince Ribbit (D:8)
  5 polar bears
  5 blink frogs
  A dream sheep (Lair:6)
  3 hippogriffs
  Sigmund (D:2)
  4 yaks (Lair:3)
  12 spriggans (Lair:6)
  A wraith (D:10)
  A wyvern (Lair:3)
  2 basilisks
  2 hungry ghosts (D:7)
  8 water moccasins
  3 porcupines
  4 black bears
  A hornet zombie (D:9)
  An orc warrior (D:6)
  An ice beast (D:7)
  A sky beast (D:6)
  2 phantoms
  4 ogres
  4 boggarts (Lair:6)
  17 wolves (Lair:6)
  7 crocodiles
  7 centaurs
  A big kobold (D:7)
  9 bullfrogs
  Blork the orc (D:6)
  2 water moccasin zombies
  3 scorpions
  A water moccasin skeleton (D:5)
  10 killer bees
  3 howler monkeys
  2 electric eels
  4 crimson imps
  2 bullfrog zombies
  3 quasits
  3 hounds
  An orc priest (D:10)
  Crazy Yiuf (D:4)
  7 orc wizards
  A centaur skeleton (D:10)
  Natasha (thrice) (D:2)
  An iguana (D:8)
  8 worker ants
  3 hell rats
  2 killer bee zombies (D:7)
  A worker ant zombie (D:7)
  7 gnolls
  16 river rats
  14 adders
  3 adder zombies
  2 adder skeletons
  2 worms
  3 dart slugs
  5 leopard geckos
  36 orcs
  5 giant cockroaches
  7 goblins
  8 hobgoblins
  4 jackals
  5 quokkas
  A ball python (D:2)
  3 bats
  3 frilled lizards
  7 kobolds
  25 rats
  A fungus (Lair:4)
382 creatures vanquished.

Vanquished Creatures (collateral kills)
  Erica (Lair:1)
  A death yak (Lair:4)
  2 elephants (Lair:6)
  A black mamba (Lair:4)
  2 spiny frogs
  A rime drake (Lair:6)
  A komodo dragon (Lair:5)
  A hippogriff (Lair:3)
  2 hornets (Lair:6)
  A dream sheep (Lair:6)
  A blink frog (Lair:5)
  A spriggan (Lair:6)
  A basilisk (Lair:4)
  A water moccasin (Lair:1)
  3 porcupines
  A black bear (Lair:6)
  2 crocodiles
  5 wolves (Lair:6)
  A bullfrog (Lair:4)
  5 killer bees
  An electric eel (Lair:2)
  A hound (D:10)
  A gnoll shaman (D:10)
  A gnoll (D:10)
  3 river rats (Lair:1)
  2 fungi (Lair:3)
43 creatures vanquished.

Vanquished Creatures (others)
  20 fungi
  9 plants
29 creatures vanquished.

Grand Total: 454 creatures vanquished

Notes
Turn   | Place    | Note
-------+----------+-------------------------------------------
     0 | D:1      | Folque the Draconian Earth Elementalist began the quest for
                  | the Orb.
     0 | D:1      | Reached XP level 1. HP: 14/14 MP: 3/3
   206 | D:1      | Found a shattered altar of Ashenzari.
   215 | D:1      | Reached XP level 2. HP: 22/22 MP: 1/5
   395 | D:1      | Reached skill level 1 in Fighting
   761 | D:2      | Reached XP level 3. HP: 28/28 MP: 4/7
   765 | D:2      | Learned a level 2 spell: Passwall
   772 | D:2      | Learned a level 3 spell: Stone Arrow
   796 | D:2      | Noticed Sigmund
   807 | D:2      | Killed Sigmund
   807 | D:2      | Reached XP level 4. HP: 25/38 MP: 0/9
   807 | D:2      | Reached XP level 5. HP: 30/45 MP: 0/10
   978 | D:2      | Reached skill level 4 in Earth Magic
  1067 | D:2      | Noticed Natasha
  1069 | D:2      | Killed Natasha
  1069 | D:2      | Reached skill level 1 in Conjurations
  1166 | D:2      | Reached XP level 6. HP: 51/51 MP: 2/11
  1352 | D:2      | Noticed Natasha
  1358 | D:2      | Killed Natasha
  1365 | D:2      | Learned a level 5 spell: Lee's Rapid Deconstruction
  1786 | D:2      | Noticed Natasha
  1798 | D:2      | Killed Natasha
  1882 | D:2      | Found a glowing silver altar of Zin.
  2077 | D:3      | Reached skill level 5 in Earth Magic
  2851 | D:4      | You fall through a shaft for 3 floors!
  2891 | D:7      | Your scales start taking on a dull iron-grey colour.
  2891 | D:7      | Reached skill level 6 in Earth Magic
  2891 | D:7      | Reached XP level 7. HP: 57/57 MP: 8/13
  2891 | D:7      | Gained mutation: You can survive without breathing. [Grey
                  | Draconian growth]
  3071 | D:7      | Reached skill level 7 in Earth Magic
  3111 | D:7      | Noticed a hungry ghost
  3127 | D:7      | Killed a hungry ghost
  3226 | D:7      | Reached XP level 8. HP: 54/63 MP: 12/14
  3228 | D:7      | Found a bloodstained altar of Trog.
  3247 | D:7      | Reached skill level 8 in Earth Magic
  3730 | D:6      | Reached skill level 9 in Earth Magic
  3861 | D:6      | Found a staircase to the Ecumenical Temple.
  3865 | D:6      | Noticed Blork the orc
  3973 | D:6      | Killed Blork the orc
  4092 | D:6      | Learned a level 3 spell: Conjure Flame
  4101 | Temple   | Entered the Ecumenical Temple
  4161 | Temple   | Became a worshipper of Sif Muna the Loreminder
  4295 | D:6      | Reached skill level 1 in Fire Magic
  4455 | D:5      | Entered Level 5 of the Dungeon
  4502 | D:6      | Reached skill level 1 in Evocations
  4544 | D:5      | Reached * piety under Sif Muna
  4664 | D:5      | Found a runed translucent door.
  4695 | D:5      | Found a runed translucent door.
  4695 | D:5      | Noticed Aske's ghost (novice MiGl)
  4974 | D:5      | Reached XP level 9. HP: 70/70 MP: 11/15
  4978 | D:5      | Reached skill level 10 in Earth Magic
  5263 | D:4      | Found a runed translucent door.
  5264 | D:4      | Noticed Crazy Yiuf
  5270 | D:4      | Killed Crazy Yiuf
  6034 | D:6      | Reached ** piety under Sif Muna
  6171 | D:6      | Reached skill level 5 in Spellcasting
  6443 | D:8      | Noticed Psyche
  6452 | D:8      | Noticed a death yak
  6526 | D:8      | Noticed a death yak
  6532 | D:8      | Noticed a death yak
  6536 | D:8      | Killed a death yak
  6536 | D:8      | Reached skill level 5 in Evocations
  6569 | D:7      | Learned a level 4 spell: Petrify
  6659 | D:8      | Killed a death yak
  6659 | D:8      | Reached skill level 1 in Staves
  6659 | D:8      | Reached XP level 10. HP: 48/77 MP: 0/20
  6790 | D:8      | Noticed Prince Ribbit
  6797 | D:8      | Killed Prince Ribbit
  6993 | D:8      | Killed a death yak
  6993 | D:8      | Reached *** piety under Sif Muna
  6999 | D:8      | Learned a level 4 spell: Animate Dead
  7111 | D:8      | Noticed a reaper
  7114 | D:8      | Found a staircase to the Lair.
  7130 | D:8      | Reached skill level 1 in Invocations
  7254 | D:8      | Found a runed translucent gate.
  7254 | D:8      | Found a runed translucent gate.
  7254 | D:8      | Found a runed translucent gate.
  7348 | D:8      | Killed Psyche
  7348 | D:8      | Reached skill level 1 in Necromancy
  7477 | D:8      | Found a stormy altar of Qazlal.
  7598 | D:8      | Noticed doot's ghost (novice TeAE)
  7624 | D:9      | Found Plog's Antique Weapon Shop.
  7635 | D:9      | Learned a level 3 spell: Regeneration
  8223 | D:9      | Noticed a two-headed ogre
  8263 | D:9      | Killed a two-headed ogre
  8296 | D:10     | Entered Level 10 of the Dungeon
  8365 | D:10     | Reached XP level 11. HP: 79/82 MP: 23/23
  8628 | D:10     | Reached skill level 5 in Dodging
  8628 | D:10     | Reached skill level 5 in Invocations
  8748 | D:10     | Noticed a deep elf mage
  8759 | D:10     | Killed a deep elf mage
  9093 | D:11     | Noticed a four-headed hydra
  9100 | D:11     | Killed a four-headed hydra
  9100 | D:11     | Reached **** piety under Sif Muna
  9283 | D:11     | Noticed a two-headed ogre
  9590 | Lair:1   | Entered Level 1 of the Lair of Beasts
  9699 | Lair:1   | Noticed Erica
  9705 | Lair:1   | Killed Erica
  9705 | Lair:1   | Reached skill level 5 in Necromancy
  9896 | Lair:1   | Reached skill level 5 in Stealth
 10925 | Lair:2   | Found a staircase to the Swamp.
 11613 | Lair:3   | Noticed an eight-headed hydra
 12081 | Lair:3   | Killed an eight-headed hydra
 12188 | Lair:3   | Noticed an eight-headed hydra
 12198 | Lair:3   | Killed an eight-headed hydra
 12198 | Lair:3   | Reached XP level 12. HP: 92/92 MP: 13/24
 12843 | Lair:4   | Noticed a death yak
 12844 | Lair:4   | Noticed a death yak
 12844 | Lair:4   | Noticed a death yak
 12844 | Lair:4   | Noticed a death yak
 12845 | Lair:4   | Noticed a death yak
 12859 | Lair:4   | Noticed a death yak
 12888 | Lair:4   | Killed a death yak
 12888 | Lair:4   | Reached skill level 5 in Fighting
 13089 | Lair:4   | Killed a death yak
 13091 | Lair:4   | Killed a death yak
 13094 | Lair:4   | Killed a death yak
 13099 | Lair:4   | Killed a death yak
 13099 | Lair:4   | Reached ***** piety under Sif Muna
 13102 | Lair:4   | Killed a death yak
 13102 | Lair:4   | Identified Sif Muna's Disquisition on Unholy Magic and
                  | Self-Knowledge (Sif Muna gifted it to you on level 4 of the
                  | Lair of Beasts)
 13102 | Lair:4   | Received a gift from Sif Muna
 13135 | Lair:4   | Reached skill level 11 in Earth Magic
 13247 | Lair:4   | Found a staircase to the Snake Pit.
 13415 | Lair:4   | Found a runed translucent door.
 13417 | Lair:4   | Noticed a seven-headed hydra
 13424 | Lair:4   | Killed a seven-headed hydra
 13424 | Lair:4   | Reached skill level 10 in Spellcasting
 13511 | Lair:4   | Noticed a seven-headed hydra
 13524 | Lair:4   | Killed a seven-headed hydra
 14211 | Lair:5   | Noticed a four-headed hydra
 14269 | Lair:4   | Killed a four-headed hydra
 14536 | Lair:5   | Reached XP level 13. HP: 104/104 MP: 25/27
 15449 | Lair:6   | Entered Level 6 of the Lair of Beasts
 16308 | Lair:6   | Reached skill level 12 in Earth Magic
 16814 | Lair:6   | Identified Sif Muna's Tome of Freezing Attacks (Sif Muna
                  | gifted it to you on level 6 of the Lair of Beasts)
 16814 | Lair:6   | Received a gift from Sif Muna
 16867 | Lair:6   | Found a staircase to the Slime Pits.
 16867 | Lair:6   | Found a viscous altar of Jiyva.
 16939 | Lair:6   | Learned a level 6 spell: Iron Shot
 17179 | Lair:6   | Identified the Guide on the Compass and Arcane Weapons
 17373 | Lair:6   | Reached skill level 5 in Conjurations
 17796 | Lair:6   | Slain by an elephant

Skill      XL: |  1  2  3  4  5  6  7  8  9 10 11 12 13 |
---------------+----------------------------------------+-----
Fighting       | 1 3 4 6 7 |  7.1
Spellcasting   | 3 4 7 8 10 11 | 11.9
Earth Magic    | 4 6 7 9 10 11 12 | 12.3
Conjurations   | 1 2 3 5 |  5.6
Dodging        | 2 3 4 6 |  6.1
Transmutations | 3 4 |  4.4
Fire Magic     | 2 |  2.0
Evocations     | 2 5 6 |  6.9
Staves         | 1 3 |  3.1
Invocations    | 4 6 |  6.2
Necromancy     | 3 6 7 8 |  8.6
Stealth        | 2 5 |  5.3

Action                   |  1- 3 |  4- 6 |  7- 9 | 10-12 | 13-15 || total
-------------------------+-------+-------+-------+-------+-------++-------
Melee: Unarmed           |    19 |       |       |       |       ||    19
       Spear             |    54 |    84 |       |       |       ||   138
       Tailslap          |     6 |     3 |    22 |    39 |    11 ||    81
       Short sword       |       |    17 |       |     6 |     4 ||    27
       Staff             |       |     7 |   259 |   296 |   129 ||   691
 Cast: Sandblast         |    11 |    20 |    45 |    60 |    67 ||   203
       Stone Arrow       |     1 |    16 |    47 |   120 |    82 ||   266
       Lee's Rapid Decon |       |     2 |     9 |    36 |     9 ||    56
       Passwall          |       |     1 |       |     5 |     4 ||    10
       Conjure Flame     |       |       |     4 |    18 |    16 ||    38
       Animate Dead      |       |       |       |    39 |    25 ||    64
       Petrify           |       |       |       |     9 |     6 ||    15
       Regeneration      |       |       |       |     6 |     5 ||    11
       Iron Shot         |       |       |       |       |     5 ||     5
Invok: Divine Energy     |       |       |       |     1 |       ||     1
       Channel Magic     |       |       |       |     4 |     3 ||     7
Evoke: Wand              |       |       |       |       |     5 ||     5
  Use: Potion            |     2 |       |     2 |     2 |     2 ||     8
       Scroll            |       |     5 |     3 |     5 |     1 ||    14
 Stab: Sleeping          |       |     4 |     3 |     1 |       ||     8
       Distracted        |       |       |     1 |     1 |     2 ||     4
       Petrified         |       |       |       |    36 |     4 ||    40
  Eat: Chunk             |       |     9 |    19 |    19 |     7 ||    54
       Ration            |       |       |     1 |     6 |     2 ||     9
Armor: Skin              |    19 |    30 |   108 |   149 |    73 ||   379
Dodge: Dodged            |    36 |    72 |   161 |   316 |   248 ||   833
